 Dungeon Crawl Stone Soup version 0.28.0 (webtiles) character file.

Game seed: 17253592051223728819

177 Morbidden the Sneak (level 5, -1/39 HPs)
             Began as a Demonspawn Brigand on Feb 17, 2022.
             Slain by a bullfrog (7 damage)
             ... on level 4 of the Dungeon.
             The game lasted 00:01:59 (1346 turns).

Morbidden the Sneak (Demonspawn Brigand)            Turns: 1346, Time: 00:02:00

Health: -1/39      AC:  4    Str: 14    XL:     5   Next: 30%
Magic:  5/5        EV: 12    Int: 12    God:
Gold:   32         SH:  0    Dex: 14    Spells: 4/4 levels left

rFire   . . .      SeeInvis .   a - +2 dagger
rCold   . . .      Faith    .   (no shield)
rNeg    . . .      Spirit   .   b - +0 robe
rPois   .          Reflect  .   (no helmet)
rElec   .          Harm     .   c - +0 cloak
rCorr   .          Rampage  .   j - +0 pair of gloves
Will    .....                   (no boots)
Stlth   +++.......              (no amulet)
HPRegen 0.13/turn               (no ring)
MPRegen 0.09/turn               (no ring)

@: no status effects
A: demonic magic 1
a: no special abilities


You were on level 4 of the Dungeon.
You visited 1 branch of the dungeon, and saw 3 of its levels.

You collected 32 gold pieces.

Inventory:

Hand Weapons
 a - a +2 dagger (weapon)
Missiles
 d - 6 poisoned darts (quivered)
Armour
 b - a +0 robe (worn)
 c - a +0 cloak (worn)
 j - a +0 pair of gloves (worn)
Wands
 k - a wand of acid (2)
Scrolls
 h - 2 scrolls of identify {unknown}
Potions
 f - a potion of berserk rage {unknown}
 g - a potion of resistance {unknown}
 i - a potion of heal wounds {unknown}


   Skills:
 * Level 2.4 Fighting
 * Level 3.1 Short Blades
 + Level 2.3 Throwing
 * Level 2.0 Dodging
 + Level 4.7 Stealth
 + Level 0.2 Evocations


You had 4 spell levels left.
You didn't know any spells.
Your spell library was empty.

Dungeon Overview and Level Annotations

Branches:
Dungeon (2/15)

Altars:

Shops:
D:1 ?


Innate Abilities, Weirdness & Mutations

Spells you cast may paralyse adjacent enemies.


Message History

The bullfrog gives a loud, deep croak!
You hear a shout!
Unknown command.
There are no items here.
Throw: dart (curare)
Press: ? - help, Q - select action, (/) - cycle Shift-Dir - straight line, f/p - bullfrog
Aim: a bullfrog (53% to hit)
You throw a curare-tipped dart.
The curare-tipped dart barely misses the bullfrog.
Unknown command.
Unknown command.
Throw: 8 darts (poison)
Press: ? - help, Q - select action, (/) - cycle Shift-Dir - straight line, f/p - bullfrog
Aim: a bullfrog (53% to hit)
You throw a poisoned dart. The poisoned dart hits the bullfrog.
The bullfrog is poisoned.
Unknown command.
Throw: 7 darts (poison)
Press: ? - help, Q - select action, (/) - cycle Shift-Dir - straight line, f/p - bullfrog
Aim: a bullfrog (lightly wounded, poisoned, 53% to hit)
You throw a poisoned dart.
The poisoned dart closely misses the bullfrog.
Unknown command.
Aiming: Corrosive Bolt
Press: ? - help, Shift-Dir - straight line, f/p - bullfrog
Aim: a bullfrog (lightly wounded, poisoned, 64% to hit)
The bolt of acid misses the bullfrog.
Unknown command.
Unknown command.
You hit the bullfrog.
The bullfrog is moderately wounded.
The bullfrog closely misses you.
A gnoll comes into view. It is wielding a +0 flail.
The bullfrog hits you.
* * * LOW HITPOINT WARNING * * *
Unknown command.
You closely miss the bullfrog.
The bullfrog is moderately wounded.
The bullfrog hits you!
You die...

#.#.....# ....
####.#.....#######.....
#................'.....
#>.........####.##.....
######.....# #.# .g.
#..รท..# #)# # #.....#
#.# #######)######.##
.!....F@.....)..#
....(...........#
................#
(((.............#
.....$..........#
................#
.....g..........#
................#


You could see a bullfrog (poisoned) and a gnoll.

Vanquished Creatures
  A necrophage (D:4)
  A centaur skeleton (D:4)
  An orc wizard (D:4)
  A dart slug (D:1)
  3 orcs (D:4)
  4 ball pythons
  3 endoplasms (D:1)
  2 giant cockroaches (D:1)
  2 hobgoblins (D:2)
  A kobold (D:2)
  3 quokkas
  4 bats
  3 frilled lizards
  5 goblins
  4 rats
38 creatures vanquished.

Notes
Turn   | Place    | Note
-------+----------+-------------------------------------------
     0 | D:1      | Morbidden the Demonspawn Brigand began the quest for the
                  | Orb.
     0 | D:1      | Reached XP level 1. HP: 16/16 MP: 1/1
    44 | D:1      | Found Maul Genu's Magic Scroll Shoppe.
   221 | D:1      | Reached skill level 4 in Stealth
   388 | D:1      | Gained mutation: Spells you cast may paralyse adjacent
                  | enemies. [demonic ancestry]
   388 | D:1      | Reached XP level 2. HP: 22/22 MP: 2/2
   392 | D:1      | Reached skill level 1 in Dodging
   453 | D:1      | Found a faded altar of an unknown god.
   836 | D:2      | Reached XP level 3. HP: 12/27 MP: 3/3
  1068 | D:2      | You fall into a shaft and drop 2 floors!
  1068 | D:4      | Noticed a necrophage
  1092 | D:4      | Killed a necrophage
  1093 | D:4      | Reached XP level 4. HP: 13/33 MP: 4/4
  1323 | D:4      | Reached XP level 5. HP: 13/39 MP: 5/5
  1346 | D:4      | Slain by a bullfrog

Illustrated notes

Levels and vault maps discovered:
D:1:      zaba_arrival_water, layout_basic, ebering_ecumenical_altar_rust,
          serial_shops, nicolae_shop_advertising_works
          [nicolae_subvault_shop_adworks]
D:2:      layout_basic, uniq_terence
D:4:      layout_basic, minmay_ogre_servants

Skill      XL: |  1  2  3  4  5 |
---------------+----------------+-----
Stealth        | 4 |  4.7
Dodging        | 1 2 |  2.0
Throwing       | 2 |  2.3
Short Blades   | 2 3 |  3.1
Fighting       | |  2.4
Evocations     | |  0.2

Action                   |  1- 3 |  4- 6 || total
-------------------------+-------+-------++-------
Melee: Dagger            |    86 |    34 ||   120
       Punch             |     1 |     1 ||     2
Throw: Dart              |    11 |     4 ||    15
Evoke: Wand              |     1 |     3 ||     4
 Stab: Sleeping          |     8 |       ||     8
Armor: Robe              |    28 |    20 ||    48
Dodge: Dodged            |    48 |    39 ||    87
